 Dungeon Crawl Stone Soup version 0.21.1-1-g345015f (webtiles) character file.

107112 empire the Tortoise (level 15, 0/123 HPs)
             Began as a Minotaur Fighter on Apr 24, 2018.
             Was the Champion of Cheibriados.
             Blown up by an orb spider (25 damage)
             ... with an orb of destruction
             ... on level 1 of the Spider Nest on Apr 25, 2018.
             The game lasted 01:16:10 (24431 turns).

empire the Tortoise (Minotaur Fighter)             Turns: 24431, Time: 01:16:11

Health: 0/123      AC: 43    Str: 48 (49) XL:     15   Next: 99%
Magic:  21/21      EV: 17    Int: 24      God:    Cheibriados [******]
Gold:   2066       SH: 22    Dex: 33      Spells: 21/24 levels left

rFire    + . .     SeeInvis .   b - +10 falchion of the Other Side {flame, rC- Str+3 Dex+3}
rCold    x . .     Gourm    .   c - +0 shield
rNeg     . . .     Faith    .   e - +8 orange crystal plate armour {Archmagi, Int+3 Clar}
rPois    .         Spirit   .   (helmet restricted)
rElec    .         Reflect  +   X - +2 cloak
rCorr    .         Harm     .   A - +2 pair of gloves
MR       ++...     Clarity  +   G - +0 pair of boots
Stlth    ..........             x - +4 amulet of reflection
HPRegen  0.30/turn              Q - +3 ring of slaying
MPRegen  0.17/turn              M - ring "Komod" {MR+ Str+5 Dex+5}

@: very slow
A: retaliatory headbutt, horns 2, thin metallic scales 1, deterioration 1, fire
resistance 1
a: Bend Time, Temporal Distortion, Slouch, Step From Time, Renounce Religion


You were on level 1 of the Spider Nest.
You worshipped Cheibriados.
Cheibriados was exalted by your worship.
You were not hungry.

You visited 5 branches of the dungeon, and saw 25 of its levels.
You also visited: Labyrinth and Ossuary.

You collected 2785 gold pieces.
You spent 719 gold pieces at shops.

Inventory:

Hand Weapons
 b - the +10 falchion of the Other Side (weapon) {flame, rC- Str+3 Dex+3}
   (You found it on level 4 of the Dungeon)

   It has been specially enchanted to burn those struck by it, causing extra
   injury to most foes and up to half again as much damage against particularly
   susceptible opponents.
   Big, fiery blades are also staple armaments of hydra-hunters.
   It affects your strength (+3).
   It affects your dexterity (+3).
   It makes you vulnerable to cold.
Armour
 c - a +0 shield (worn)
 e - the +8 orange crystal plate armour (worn) {Archmagi, Int+3 Clar}
   (You found it on level 5 of the Lair of Beasts)

   It affects your intelligence (+3).
   It protects you against confusion.
 A - a +2 pair of gloves (worn)
 G - a +0 pair of boots (worn)
 X - a +2 cloak (worn)
Jewellery
 n - an uncursed ring of flight
 q - the amulet of Irrepressible Laughter {Faith rPois rC+ MR+}
   (You found it on level 6 of the Lair of Beasts)

   [amulet of faith]

   It allows you to gain divine favour quickly.
   It protects you from cold.
   It protects you from poison.
   It affects your resistance to hostile enchantments.
 x - a +4 amulet of reflection (around neck)
 B - an uncursed ring of resist corrosion
 H - an uncursed ring of protection from fire
 M - the ring "Komod" (right hand) {MR+ Str+5 Dex+5}
   (You bought it in a shop on level 10 of the Dungeon)

   [ring of protection from magic]

   It affects your strength (+5).
   It affects your dexterity (+5).
   It affects your resistance to hostile enchantments.
 Q - a +3 ring of slaying (left hand)
 Z - an uncursed ring of poison resistance
Wands
 k - a wand of iceblast (5)
 l - a wand of flame (36)
 N - a wand of disintegration (18)
 O - a wand of paralysis (7)
 U - a wand of digging (1)
 V - a wand of enslavement (38)
Scrolls
 g - a scroll of enchant weapon
 h - 15 scrolls of teleportation
 i - 14 scrolls of remove curse
 s - 7 scrolls of immolation
 w - 2 scrolls of fog
 D - 2 scrolls of identify
 K - 3 scrolls of magic mapping
 S - 3 scrolls of blinking
Potions
 d - a potion of might
 m - 7 potions of curing
 o - 7 potions of ambrosia
 p - 2 potions of agility
 t - 2 potions of resistance
 I - a potion of lignification
 P - 2 potions of heal wounds
Miscellaneous
 a - a sack of spiders
 v - a fan of gales
Comestibles
 f - 31 rations


   Skills:
 + Level 8.7 Fighting
 - Level 14.3 Long Blades
 - Level 1.0 Throwing
 + Level 15.9 Armour
 + Level 8.5 Dodging
 - Level 14.1 Shields
 - Level 5.0 Spellcasting
 - Level 5.0 Charms
 - Level 5.0 Necromancy
 - Level 8.0 Invocations
 - Level 8.0 Evocations


You had 21 spell levels left.
You knew the following spells:

 Your Spells              Type           Power        Failure   Level  Hunger
a - Regeneration          Chrm/Necr      #####.....   22%         3    ##.....


Dungeon Overview and Level Annotations

Branches:
Dungeon (15/15)            Temple (1/1) D:4            Lair (6/6) D:11
 Shoals (0/4) Lair:3       Spider (1/4) Lair:2        Slime (0/5) Lair:5
    Orc (2/2) D:9             Elf (0/3) Orc:2        Vaults (0/5) D:14
 Depths (0/5) D:15

Altars:
Ashenzari
Cheibriados
Dithmenos
Elyvilon
Fedhas
Gozag
Hepliaklqana
Kikubaaqudgha
Makhleb
Nemelex Xobeh
Okawaru
Qazlal
Ru
Sif Muna
Trog
Uskayaw
Vehumet
Wu Jian
Xom
Yredelemnul
Zin
The Shining One

Shops:
D:8 (   D:10 ?*?   Orc:2 (%?[


Innate Abilities, Weirdness & Mutations

You reflexively headbutt those who attack you in melee.
You have a pair of horns on your head.
You are partially covered in thin metallic scales. (AC +2)
Your body sometimes deteriorates upon taking damage.
Your flesh is heat resistant. (rF+)


Message History

* * * LOW HITPOINT WARNING * * *
The orb spider spins a strand of pure energy.
Evoke which item? (* to show all) (? for menu, Esc to quit)
Aiming: Disintegrate
Press: ? - help, Shift-Dir - straight line, f/p - orb spider
Aim: an orb spider (severely wounded, fully charged, chance to defeat MR: 76%)
The orb spider barely resists.
Evoke which item? (* to show all) (? for menu, Esc to quit)
Aiming: Disintegrate
Press: ? - help, Shift-Dir - straight line, f/p - orb spider
Aim: an orb spider (severely wounded, fully charged, chance to defeat MR: 76%)
The orb spider is blasted.
You blow up the orb spider!
Cheibriados appreciates the change of pace.
The orb spider weaves a glowing orb of energy.
An orb of destruction comes into view.
The orb of destruction reflects off an invisible shield around you!
You see here a tarantella corpse.
The orb of destruction hits you!
You die...

..........####..^....%# #
...........#.#.......^#.#
##...†..........#^..>....
#####...................#
...#.†......%>^.....#
.......#.#..†..%.†######
........#..............#
........###....†§.§s..##
......... ##....@#...##
......§... #........%...
#.......................
......##..........
..##...##...#...... . .
##.. #.....)... ## ...
##........ # ....
...#...#. ..? ..#...


You could see an orb spider.

Vanquished Creatures
  Rupert (D:14)
  Gastronok (D:11)
  Kirke (D:14)
  An emperor scorpion (Spider:1)
  An orc warlord (Orc:2)
  A dire elephant (Lair:6)
  Azrael (D:12)
  Snorg (D:13)
  A minotaur (Lab)
  5 vault guards (D:14)
  Harold (D:10)
  2 fire dragons (D:15)
  Erolcha (D:12)
  7 hydras
  A centaur warrior (D:13)
  3 two-headed ogres
  5 orc high priests
  8 death yaks (Lair:6)
  Urug (Lair:2)
  The ghost of Britaniac the Spear-Bearer, a novice MfSk of Okawaru (D:8)
  A deep elf knight (D:14)
  Nergalle (Lair:2)
  Sonja (D:11)
  5 unseen horrors
  2 lindwurms (Lair:6)
  2 wolf spider zombies
  2 wizards (D:14)
  5 orb spiders (Spider:1)
  9 orc knights
  5 ugly things (D:15)
  7 wolf spiders
  4 oklob plants (Lair:5)
  7 orc sorcerers
  2 manticores
  2 moths of wrath (Spider:1)
  2 cyclopes
  Maurice (D:9)
  5 black mambas
  2 centaur skeletons
  2 gargoyles
  8 elephants
  10 spiny frogs
  A torpor snail (Lair:6)
  A kobold demonologist (D:15)
  An efreet (D:11)
  5 komodo dragons
  12 rime drakes
  10 trolls
  A queen bee (Lair:2)
  A hornet (Spider:1)
  Prince Ribbit (D:5)
  10 blink frogs (Lair:6)
  6 jumping spiders (Spider:1)
  8 hippogriffs
  4 dream sheep (Lair:6)
  A shadow (D:15)
  14 tarantellas (Spider:1)
  The ghost of Mirai the Sneak, an amateur KoEn (D:4)
  3 wyverns
  10 redbacks
  2 wraiths (D:15)
  4 hogs (D:14)
  3 basilisks
  5 fire elementals (D:12)
  41 yaks
  Grum (D:8)
  6 steam dragons (Lair:3)
  4 vampire mosquitoes (D:12)
  Menkaure (D:5)
  8 wargs
  An acid dragon (Lair:3)
  11 water moccasins
  2 hell hounds (D:12)
  4 porcupines
  2 sky beasts
  24 orc warriors
  3 ice beasts
  A phantom (D:8)
  A black bear (D:7)
  11 ogres
  2 necrophages
  2 centaurs
  7 wolves
  13 crocodiles
  4 big kobolds
  14 bullfrogs
  An elf zombie (Ossuary)
  A gnoll sergeant (D:12)
  A wyvern zombie (D:8)
  30 killer bees
  4 scorpions
  A howler monkey (D:8)
  6 wights
  4 electric eels
  2 centaur zombies
  3 crimson imps
  6 hounds
  3 human zombies (D:15)
  27 orc wizards
  18 orc priests
  8 jellies
  2 bullfrog skeletons
  Ijyb (D:5)
  3 iguanas
  A human skeleton (D:15)
  10 worker ants
  A big kobold zombie (Ossuary)
  2 ogre zombies (D:15)
  2 hound zombies
  4 mummies
  A hound skeleton (D:8)
  3 worker ant zombies
  11 gnolls
  A howler monkey skeleton (D:10)
  8 adders
  2 shadow imps
  3 oozes
  3 adder zombies
  3 worms
  2 dart slugs
  9 leopard geckos
  91 orcs
  A ball python (D:2)
  5 giant cockroaches
  7 hobgoblins
  14 jackals
  49 kobolds
  2 quokkas
  9 bats
  4 frilled lizards
  6 goblins
  2 goblin zombies (Ossuary)
  9 hobgoblin zombies (Ossuary)
  A jackal skeleton (D:4)
  2 jackal zombies (Ossuary)
  8 kobold zombies (Ossuary)
  A leopard gecko zombie (D:8)
  10 orc zombies (Ossuary)
  A quokka skeleton (D:4)
  8 rats
  A rat zombie (Ossuary)
  5 bushes
  6 fungi
  14 plants
839 creatures vanquished.

Vanquished Creatures (others)
  A manticore (D:12)
  An orc priest (Orc:2)
  An orc wizard (Orc:2)
  2 orcs (Orc:1)
  A bush (Lair:6)
  15 fungi
  22 plants
43 creatures vanquished.

Grand Total: 882 creatures vanquished

Notes
Turn   | Place    | Note
-------+----------+-------------------------------------------
     0 | D:1      | empire the Minotaur Fighter began the quest for the Orb.
     0 | D:1      | Reached XP level 1. HP: 19/19 MP: 0/0
   391 | D:1      | Reached XP level 2. HP: 26/26 MP: 1/1
   786 | D:2      | Reached skill level 4 in Armour
   829 | D:2      | Reached XP level 3. HP: 31/31 MP: 2/2
  1489 | D:3      | Reached XP level 4. HP: 31/39 MP: 3/3
  1971 | D:4      | Noticed an ogre
  1980 | D:4      | Noticed Mirai's ghost (amateur KoEn)
  1981 | D:4      | Killed an ogre
  1981 | D:4      | Reached skill level 5 in Long Blades
  1981 | D:4      | Reached XP level 5. HP: 23/45 MP: 4/4
  1984 | D:4      | Noticed an ogre
  2158 | D:3      | Reached skill level 5 in Armour
  2161 | D:3      | Killed an ogre
  2161 | D:3      | Reached skill level 5 in Shields
  2161 | D:3      | Reached XP level 6. HP: 16/51 MP: 5/5
  2396 | D:4      | Killed Mirai's ghost
  2531 | D:4      | Reached XP level 7. HP: 58/58 MP: 6/6
  2533 | D:4      | Found a staircase to the Ecumenical Temple.
  2545 | Temple   | Entered the Ecumenical Temple
  2901 | D:4      | Reached skill level 1 in Dodging
  2913 | D:4      | Got a shimmering falchion
  2922 | D:4      | Identified the +10 falchion of the Other Side {flame, rC- Str+3 Dex+3} (You found it on level 4 of the Dungeon)
  3398 | D:5      | Entered Level 5 of the Dungeon
  3416 | D:5      | Found a sand-covered staircase.
  3422 | Ossuary  | Entered an ossuary
  3531 | Ossuary  | Reached skill level 1 in Throwing
  3536 | Ossuary  | Reached skill level 6 in Armour
  3643 | D:5      | Noticed Menkaure
  3644 | D:5      | Noticed Ijyb
  3649 | D:5      | Killed Menkaure
  3653 | D:5      | Killed Ijyb
  3696 | D:5      | Reached XP level 8. HP: 64/66 MP: 7/7
  4111 | D:5      | Noticed Prince Ribbit
  4114 | D:5      | Killed Prince Ribbit
  4114 | D:5      | Reached skill level 7 in Armour
  4640 | D:6      | Found a radiant altar of Vehumet.
  4640 | D:6      | Found a blossoming altar of Fedhas.
  4645 | D:6      | Found a shattered altar of Ashenzari.
  4647 | D:6      | Found a faded altar of an unknown god.
  4649 | D:6      | Found a faded altar of an unknown god.
  5201 | D:6      | Reached skill level 10 in Long Blades
  5304 | D:6      | Reached XP level 9. HP: 68/71 MP: 8/8
  5328 | D:6      | Reached skill level 8 in Armour
  5935 | D:7      | Reached skill level 1 in Evocations
  6357 | D:7      | Found a glowing golden altar of the Shining One.
  6357 | D:7      | Found a snail-covered altar of Cheibriados.
  6365 | D:7      | Became a worshipper of Cheibriados the Contemplative
  6598 | D:8      | Found a hazy altar of Hepliaklqana.
  6598 | D:8      | Found a shimmering altar of Xom.
  6599 | D:8      | Found an iron altar of Okawaru.
  6612 | D:8      | Reached skill level 5 in Fighting
  6752 | D:8      | Reached * piety under Cheibriados
  6756 | D:8      | Noticed Grum
  6757 | D:8      | Noticed Britaniac's ghost (novice MfSk)
  6777 | D:8      | Killed Britaniac's ghost
  6777 | D:8      | Reached XP level 10. HP: 53/81 MP: 9/11
  6783 | D:8      | Killed Grum
  6783 | D:8      | Reached skill level 9 in Armour
  7324 | D:8      | Found Wutuiser's Antique Weapon Emporium.
  7593 | D:9      | Noticed Maurice
  7602 | D:9      | Killed Maurice
  7665 | D:9      | Found a sparkling altar of Nemelex Xobeh.
  7668 | D:9      | Noticed a two-headed ogre
  7673 | D:9      | Killed a two-headed ogre
  7722 | D:9      | Got a crude scale mail
  7762 | D:9      | Found a staircase to the Orcish Mines.
  7958 | Temple   | Identified the cursed +0 scale mail of Mumblety Peg {rF+ MR+ SInv} (You found it on level 9 of the Dungeon)
  8118 | D:10     | Entered Level 10 of the Dungeon
  8204 | D:9      | Found an opulent altar of Gozag.
  8251 | D:9      | Reached ** piety under Cheibriados
  8531 | D:10     | Noticed an unseen horror
  8542 | D:10     | Killed an unseen horror
  8621 | D:10     | Found Efopott's Magic Scroll Boutique.
  8627 | D:10     | Reached skill level 5 in Dodging
  8632 | D:10     | Bought a scroll of fog for 28 gold pieces
  8632 | D:10     | Bought a scroll of amnesia for 49 gold pieces
  8644 | D:10     | Found Roluf's Magic Scroll Shoppe.
  8649 | D:10     | Bought a scroll of torment for 105 gold pieces
  8649 | D:10     | Bought a scroll of silence for 105 gold pieces
  8717 | D:10     | Noticed Harold
  8723 | D:10     | Killed Harold
  8723 | D:10     | Reached XP level 11. HP: 73/86 MP: 13/13
  8874 | D:10     | Found Aleu's Assorted Antiques.
  8899 | D:10     | Bought a warped granite ring for 145 gold pieces
  8977 | D:11     | Got a jewelled helmet
  8985 | D:11     | Noticed Sonja
  8987 | D:11     | Killed Sonja
  8987 | D:11     | Reached skill level 10 in Shields
  9054 | D:11     | Noticed an unseen horror
  9055 | D:11     | Killed an unseen horror
  9055 | D:11     | Reached skill level 10 in Armour
  9068 | D:11     | Reached *** piety under Cheibriados
  9129 | D:11     | Reached skill level 5 in Evocations
  9465 | D:11     | Got a twisted morningstar
  9653 | D:11     | Reached **** piety under Cheibriados
  9948 | Temple   | Learned a level 3 spell: Regeneration
 10164 | D:11     | Noticed an unseen horror
 10167 | D:11     | Killed an unseen horror
 10169 | D:11     | Noticed Gastronok
 10179 | D:11     | Killed Gastronok
 10179 | D:11     | Reached skill level 11 in Armour
 10542 | D:11     | Found a staircase to the Lair.
 10678 | D:12     | Noticed a seven-headed hydra
 10679 | D:12     | Noticed an unseen horror
 10683 | D:12     | Killed a four-headed hydra
 10684 | D:12     | Noticed Erolcha
 10686 | D:12     | Killed an unseen horror
 10689 | D:12     | Killed Erolcha
 10689 | D:12     | Reached XP level 12. HP: 78/93 MP: 14/14
 10725 | D:12     | Gained mutation: Your flesh is heat resistant. (rF+) [potion of mutation]
 10725 | D:12     | Gained mutation: Your body sometimes deteriorates upon taking damage. [potion of mutation]
 10725 | D:12     | Gained mutation: You are partially covered in thin metallic scales. (AC +2) [potion of mutation]
 10736 | D:12     | Reached skill level 12 in Armour
 11067 | D:12     | Reached ***** piety under Cheibriados
 11114 | D:12     | Identified the ring "Komod" {MR+ Str+5 Dex+5} (You bought it in a shop on level 10 of the Dungeon)
 11165 | D:12     | Got a polished leather armour
 11211 | D:12     | Noticed Azrael
 11239 | D:12     | Killed Azrael
 11377 | D:13     | Noticed a two-headed ogre
 11381 | D:13     | Killed a two-headed ogre
 11381 | D:13     | Reached skill level 13 in Armour
 11434 | D:13     | Noticed Snorg
 11441 | D:13     | Killed Snorg
 11713 | D:13     | Noticed a centaur warrior
 11721 | D:13     | Killed a centaur warrior
 11805 | D:14     | Noticed Kirke
 11823 | D:14     | Killed Kirke
 11828 | D:14     | Noticed a vault guard
 11834 | D:14     | Noticed a vault guard
 12028 | D:14     | Noticed Rupert
 12041 | D:14     | Killed Rupert
 12041 | D:14     | Reached skill level 14 in Armour
 12041 | D:14     | Reached XP level 13. HP: 69/100 MP: 0/15
 12228 | D:14     | Reached skill level 1 in Invocations
 12647 | D:14     | Found a gate to the Vaults.
 12869 | D:15     | Entered Level 15 of the Dungeon
 12901 | D:15     | Found a labyrinth entrance.
 12937 | Lab      | Entered a labyrinth
 13452 | Lab      | Noticed a minotaur
 13459 | Lab      | Killed a minotaur
 13459 | Lab      | Reached skill level 5 in Invocations
 13463 | Lab      | Got a jewelled shortbow
 13477 | Lab      | Got a dazzling scale mail
 13567 | D:15     | Identified the +3 leather armour of the Snake Pit {rC+ MR+ Int-3 Dex+2} (You found it on level 12 of the Dungeon)
 13628 | D:15     | Noticed a fire dragon
 13629 | D:15     | Noticed a fire dragon
 13636 | D:15     | Killed a fire dragon
 13642 | D:15     | Killed a fire dragon
 13645 | D:15     | Found a staircase to the Depths.
 14094 | D:15     | Found a basalt altar of Yredelemnul.
 14138 | D:15     | Reached ****** piety under Cheibriados
 14836 | Lair:1   | Entered Level 1 of the Lair of Beasts
 15353 | Lair:1   | Reached XP level 14. HP: 113/113 MP: 18/18
 15510 | Lair:2   | Got a jewelled hand axe
 15516 | Lair:2   | Identified the cursed +1 hand axe of Terra Cotta {vamp, rF- rC++ Dex+4} (You found it on level 2 of the Lair of Beasts)
 15582 | Lair:2   | Found a hole to the Spider Nest.
 15756 | Lair:2   | Noticed Nergalle
 15761 | Lair:2   | Killed Nergalle
 15829 | Lair:2   | Noticed Urug
 15839 | Lair:2   | Killed Urug
 17061 | Lair:3   | Found a staircase to the Shoals.
 17396 | Lair:4   | Reached skill level 1 in Necromancy
 17512 | Lair:4   | Reached skill level 1 in Spellcasting
 17512 | Lair:4   | Reached skill level 1 in Charms
 18160 | Lair:5   | Found a staircase to the Slime Pits.
 19857 | Lair:5   | Found the +8 orange crystal plate armour {Archmagi, Int+3 Clar}
 19926 | Lair:6   | Entered Level 6 of the Lair of Beasts
 20457 | Lair:6   | Got a faintly glowing bone amulet
 20822 | Lair:6   | Reached XP level 15. HP: 121/121 MP: 20/20
 21744 | Orc:1    | Entered Level 1 of the Orcish Mines
 22059 | Orc:2    | Entered Level 2 of the Orcish Mines
 22197 | Orc:2    | Noticed an orc warlord
 22433 | Orc:2    | Killed an orc warlord
 22543 | Orc:2    | Reached skill level 15 in Armour
 22544 | Orc:2    | Found a staircase to the Elven Halls.
 22548 | Orc:2    | Found a shimmering altar of Xom.
 22637 | Orc:1    | Identified the amulet of Irrepressible Laughter {Faith rPois rC+ MR+} (You found it on level 6 of the Lair of Beasts)
 22699 | Orc:2    | Reached skill level 5 in Necromancy
 22886 | Orc:2    | Paralysed by an orc sorcerer for 6 turns
 22941 | Orc:2    | Found Wugg's Antique Armour Emporium.
 22941 | Orc:2    | Found Westryfad's Weapon Boutique.
 22943 | Orc:2    | Found Xonasam's Magic Scroll Emporium.
 22943 | Orc:2    | Found Xud Mej's Food Boutique.
 23204 | Orc:2    | Bought a scroll of identify for 28 gold pieces
 23204 | Orc:2    | Bought a scroll of identify for 28 gold pieces
 23204 | Orc:2    | Bought a scroll of identify for 28 gold pieces
 23204 | Orc:2    | Bought a scroll of magic mapping for 49 gold pieces
 23204 | Orc:2    | Bought a scroll of magic mapping for 49 gold pieces
 23204 | Orc:2    | Bought a scroll of enchant weapon for 105 gold pieces
 23846 | Spider:1 | Entered Level 1 of the Spider Nest
 23863 | Spider:1 | Reached skill level 5 in Spellcasting
 23863 | Spider:1 | Reached skill level 5 in Charms
 24431 | Spider:1 | Blown up by an orb spider

Skill      XL: |  1  2  3  4  5  6  7  8  9 10 11 12 13 14 15 |
---------------+----------------------------------------------+-----
Long Blades    | 3 4 5 6 7 10 11 12 14 | 14.3
Shields        | 4 5 6 7 8 9 11 14 | 14.1
Armour         | 4 5 6 7 8 9 11 14 15 | 15.9
Dodging        | 1 3 5 7 8 |  8.5
Fighting       | 4 5 7 8 |  8.7
Throwing       | 1 |  1.0
Evocations     | 2 4 5 6 8 |  8.0
Invocations    | 6 8 |  8.0
Necromancy     | 3 5 |  5.0
Spellcasting   | 3 5 |  5.0
Charms         | 3 5 |  5.0

Action                   |  1- 3 |  4- 6 |  7- 9 | 10-12 | 13-15 || total
-------------------------+-------+-------+-------+-------+-------++-------
Melee: Long sword        |   299 |    95 |    42 |       |       ||   436
       Headbutt          |   107 |    17 |    60 |   118 |   355 ||   657
       Falchion          |       |       |   323 |   357 |   855 ||  1535
Throw: Tomahawk          |       |       |       |       |     2 ||     2
Evoke: Wand              |       |       |       |     4 |    50 ||    54
  Use: Potion            |       |     1 |       |    12 |     5 ||    18
       Scroll            |       |       |    10 |    11 |    21 ||    42
 Stab: Sleeping          |       |       |       |       |     1 ||     1
  Eat: Ration            |     1 |       |       |       |     2 ||     3
       Chunk             |       |     2 |    15 |     8 |    17 ||    42
Armor: Scale mail        |    39 |    46 |   118 |    87 |    59 ||   349
       Skin              |       |       |       |       |     2 ||     2
       Crystal plate arm |       |       |       |       |   182 ||   182
Dodge: Dodged            |    37 |    29 |   103 |   120 |   374 ||   663
Block: Shield            |    51 |    51 |   200 |   254 |   913 ||  1469
       Reflection        |       |       |       |       |    14 ||    14
       Rpst.: Long sword |     8 |     8 |     5 |       |       ||    21
       Falchion          |       |       |    25 |    23 |    73 ||   121
